 Dungeon Crawl Stone Soup version 0.21.1-1-g345015f (webtiles) character file.

194 Iko the Firebug (level 5, 0/41 HPs)
             Began as a Demigod Fire Elementalist on May 2, 2018.
             Slain by a hippogriff (2 damage)
             ... on level 7 of the Dungeon.
             The game lasted 00:12:30 (860 turns).

Iko the Firebug (Demigod Fire Elementalist)          Turns: 860, Time: 00:12:30

Health: 0/41       AC:  5    Str: 13    XL:     5   Next: 20%
Magic:  7/11       EV: 12    Int: 19    God:
Gold:   107        SH:  0    Dex: 16    Spells: 2/8 levels left

rFire    . . .     SeeInvis .   d - +0 hunting sling
rCold    + . .     Gourm    .   (no shield)
rNeg     . . .     Faith    .   l - +2 leather armour
rPois    .         Spirit   .   (no helmet)
rElec    .         Reflect  .   (no cloak)
rCorr    .         Harm     .   (no gloves)
MR       .....                  (no boots)
Stlth    ++........             (no amulet)
HPRegen  0.13/turn              (no ring)
MPRegen  0.12/turn              (no ring)

@: no status effects
A: cold resistance 1, high mp 1, evolution 1
a: no special abilities


You were on level 7 of the Dungeon.
You were not hungry.

You visited 2 branches of the dungeon, and saw 8 of its levels.

You collected 107 gold pieces.

Inventory:

Hand Weapons
 d - a +0 hunting sling (weapon)
Armour
 l - a +2 leather armour (worn)
Potions
 a - a potion of cancellation {unknown}
 h - a potion of lignification
Books
 b - a book of Flames

   Spells                             Type                      Level
   a - Flame Tongue                   Conjuration/Fire             1
   b - Throw Flame                    Conjuration/Fire             2
   c - Conjure Flame                  Conjuration/Fire             3
   d - Inner Flame                    Hexes/Fire                   3
   e - Sticky Flame                   Conjuration/Fire             4
   f - Fireball                       Conjuration/Fire             5
Comestibles
 c - 2 rations


   Skills:
 + Level 1.6 Fighting
 + Level 2.5 Slings
 + Level 0.3 Armour
 + Level 2.1 Dodging
 + Level 1.9 Stealth
 + Level 2.3 Spellcasting
 + Level 1.4 Conjurations
 + Level 3.4 Fire Magic


You had 2 spell levels left.
You knew the following spells:

 Your Spells              Type           Power        Failure   Level  Hunger
a - Flame Tongue          Conj/Fire      ##...        8%          1    #......
b - Fireball              Conj/Fire      ##........   91%         5    ######.


Dungeon Overview and Level Annotations

Branches:
Dungeon (8/15)             Temple (1/1) D:4
   Lair: D:8-11


Innate Abilities, Weirdness & Mutations

You have an increased reservoir of magic. (+10% MP)
Your flesh is cold resistant. (rC+)
You evolve.


Message History

The hippogriff pecks you.
* * * LOW HITPOINT WARNING * * *
The hippogriff claws you.
* * * LOW HITPOINT WARNING * * *
Casting: Flame Tongue
Confirm with . or Enter, or press ? or * to list all spells.
Aiming: Flame Tongue
Press: ? - help, Shift-Dir - straight line, f/p - hippogriff
Aim: a hippogriff (severely wounded)
The flame tongue hits the hippogriff.
The hippogriff is severely wounded.
The hippogriff bites you.
* * * LOW HITPOINT WARNING * * *
The hippogriff barely misses you. The hippogriff claws you.
* * * LOW HITPOINT WARNING * * *
It was a potion of mutation.
You feel extremely strange.
You feel nature experimenting on you.
Don't worry, failures die fast.
You feel resistant to cold. The hippogriff bites you.
You die...

#............
+............
............
#+##..........(
...............
...............
...............
##...H(......
#....@.......
#............
#..........##
#..........#
#..........#
#..........#
#########....
.#.. ###


You could see a hippogriff.

Vanquished Creatures
  A phantom (D:4)
  A scorpion (D:4)
  A bullfrog skeleton (D:4)
  A hound skeleton (D:7)
  An adder (D:4)
  A worm (D:2)
  A leopard gecko (D:4)
  A hobgoblin (D:2)
  A quokka (D:4)
  2 frilled lizards
  A quokka skeleton (D:3)
  2 rats
14 creatures vanquished.

Notes
Turn   | Place    | Note
-------+----------+-------------------------------------------
     0 | D:1      | Iko the Demigod Fire Elementalist began the quest for the Orb.
     0 | D:1      | Reached XP level 1. HP: 14/14 MP: 5/5
   184 | D:4      | Noticed a scorpion
   199 | D:4      | Killed a scorpion
   199 | D:4      | Reached skill level 1 in Slings
   199 | D:4      | Reached skill level 1 in Conjurations
   199 | D:4      | Reached skill level 3 in Fire Magic
   199 | D:4      | Reached XP level 2. HP: 6/22 MP: 1/7
   199 | D:4      | Reached XP level 3. HP: 8/27 MP: 1/8
   410 | D:4      | Noticed a phantom
   447 | D:4      | Killed a phantom
   447 | D:4      | Reached skill level 1 in Fighting
   447 | D:4      | Reached XP level 4. HP: 18/35 MP: 6/10
   549 | D:4      | Reached XP level 5. HP: 19/40 MP: 11/11
   577 | D:4      | Found a staircase to the Ecumenical Temple.
   611 | Temple   | Entered the Ecumenical Temple
   784 | D:4      | Learned a level 5 spell: Fireball
   786 | D:5      | Entered Level 5 of the Dungeon
   826 | D:5      | You fall through a shaft for 3 floors!
   840 | D:7      | Noticed a hippogriff
   859 | D:7      | HP: 2/41 [hippogriff (1)]
   860 | D:7      | Gained mutation: You evolve. [potion of mutation]
   860 | D:7      | Gained mutation: Your flesh is cold resistant. (rC+) [potion of mutation]
   860 | D:7      | Slain by a hippogriff

Skill      XL: |  1  2  3 |
---------------+----------+-----
Slings         | 1 2 |  2.5
Dodging        | 2 |  2.1
Spellcasting   | 2 |  2.3
Conjurations   | 1 |  1.4
Fire Magic     | 3 |  3.4
Fighting       | 1 |  1.6
Armour         | |  0.3
Stealth        | |  1.9

Action                   |  1- 3 |  4- 6 || total
-------------------------+-------+-------++-------
Melee: Hunting sling     |       |    14 ||    14
 Fire: Hunting sling     |    40 |    25 ||    65
 Cast: Flame Tongue      |     8 |     8 ||    16
  Use: Scroll            |     1 |     4 ||     5
       Potion            |     1 |     3 ||     4
Armor: Skin              |     7 |       ||     7
       Leather armour    |       |    15 ||    15
Dodge: Dodged            |     6 |    40 ||    46
